 Dungeon Sprint DCSS version 0.31-a0-881-ge136f0c47a (webtiles) character file.

Game seed: 10414618845294098054

5649 rocky1 the Eye of the Storm (level 10, -4/83 HPs)
             Began as a Demonspawn Gladiator on Oct 16, 2023.
             Was a Priest of Qazlal.
             Killed from afar by a death drake (20 damage)
             ... with a foul vapour
             ... in the Dungeon (Sprint II: "The Violet Keep of Menkaure").
             The game lasted 00:13:12 (1433 turns).

rocky1 the Eye of the Storm (Demonspawn Gladiator)  Turns: 1433, Time: 00:13:14

Health: -4/83      AC:  8    Str: 24    XL:     10   Next: 46%
Magic:  8/21       EV: 22    Int:  6    God:    Qazlal [***...]
Gold:   5          SH:  4    Dex: 23    Spells: 9/9 levels left

rFire   . . .        a - +0 trident
rCold   . . .        (no shield)
rNeg    . . .        b - +0 leather armour
rPois   .            A - +2 helmet of Wu Jian's Condemnation {Str+3 Dex+4}
rElec   +            (no cloak)
rCorr   +            (no gloves)
SInv    .            B - +0 pair of boots {Stlth+}
Will    +....        y - amulet of Xom's Whimsicality {rElec Regen+ rCorr Str+3 Int-4}
Stlth   +++          (no ring)
HPRegen 1.13/turn    (no ring)
MPRegen 0.17/turn

%: no teleportation
@: lethally poisoned (-4 -> -11), on berserk cooldown, slowed, very slow
A: thin skeletal structure 2, powered by death 1, weakness stinger 2,
strong-willed 1
a: Renounce Religion, Upheaval, Elemental Force


You were in the Dungeon.
You worshipped Qazlal.
Qazlal was most pleased with you.
You visited 1 branch You collected 2235 gold pieces.
You spent 2230 gold pieces at shops.

Inventory:

Hand Weapons
 a - a +0 trident (weapon)
Missiles
 d - 3 throwing nets (quivered)
 e - a javelin
 h - 3 boomerangs
 u - 2 poisoned darts
Armour
 b - a +0 leather armour (worn)
 A - the +2 helmet of Wu Jian's Condemnation (worn) {Str+3 Dex+4}
   (You bought it in a shop in the Dungeon)

   Str+3:     It affects your strength (+3).
   Dex+4:     It affects your dexterity (+4).
 B - a +0 pair of boots of stealth (worn)
Jewellery
 y - the amulet of Xom's Whimsicality (around neck) {rElec Regen+ rCorr Str+3 Int-4}
   (You bought it in a shop in the Dungeon)

   [amulet of regeneration]

   Str+3:     It affects your strength (+3).
   Int-4:     It affects your intelligence (-4).
   rElec:     It insulates you from electricity.
   Regen+:    It increases your rate of health regeneration.
   rCorr:     It protects you from acid and corrosion.
Scrolls
 k - 2 scrolls of blinking
 l - 2 scrolls of amnesia
 n - a scroll of fog
 p - a scroll of revelation
 r - 2 scrolls of silence
 s - 2 scrolls of poison
Potions
 f - 3 potions of curing
 i - 6 potions of magic
 j - a potion of invisibility
 m - a potion of mutation
 t - a potion of brilliance
 v - 3 potions of enlightenment
 x - 3 potions of resistance
 z - a potion of might


   Skills:
 + Level 9.5 Fighting
 + Level 13.9 Polearms
 - Level 1.7 Throwing
 + Level 5.2 Armour
 + Level 12.0 Dodging
 - Level 0.1 Shields
 * Level 15.2 Invocations


You had 9 spell levels left.
You didn't know any spells.
Your spell library contained the following spells:

 Spells                   Type           Power      Damage    Failure   Level
 Poisonous Vapours        Pois/Air       0%         N/A       63%         2
 Dazzling Flash           Conj/Hex       0%         N/A       86%         3
 Mephitic Cloud           Conj/Pois/Air  0%         N/A       86%         3
 Volatile Blastmotes      Fire/Tloc      0%         2d10      86%         3
 Freezing Cloud           Conj/Ice/Air   0%         6-21      100%        5
 Starburst                Conj/Fire      0%         6d3       100%        6
 Maxwell's Capacitive Co  Air            0%         ∞         100%        8


Dungeon Overview and Level Annotations

Branches:
Dungeon (1/1)

Altars:
Cheibriados
Dithmenos
Fedhas
Gozag
Hepliaklqana
Kikubaaqudgha
Makhleb
Nemelex Xobeh
Okawaru
Qazlal
Ru
Sif Muna
Trog
Uskayaw
Vehumet
Wu Jian
Xom
Yredelemnul
Jiyva
Lugonu

Shops:
D ::[?:(=!*![(=(*

Annotations:
D exclusion: oklob plant


Innate Abilities, Weirdness & Mutations

You have a moderately thin skeletal structure. (Dex +4, Stealth++)
You regenerate a little health from kills.
You have a tail ending in a sharp stinger.
You are strong-willed. (Will+)


Message History

The death drake closely misses you.
You feel a strong urge to attack something.
You are no longer berserk.
You are exhausted.
You feel yourself slow down.
You feel sick.
You feel much better.
You feel very sick. The death drake closely misses you.
The death drake barely misses you.
You feel much better.
You feel sick. The death drake barely misses you. The death drake misses you.
The death drake bites you but does no damage.
The death drake breathes miasma at you. The foul vapour misses you.
Aiming: Upheaval
Press: ? - help, Dir - move target, f - death drake
Aim: a death drake (foul pestilence, heavily wounded, catching its breath)
Okay, then.
Aiming: Upheaval
Press: ? - help, Dir - move target, f - death drake
Aim: a death drake (foul pestilence, heavily wounded, catching its breath)
A storm cloud blasts the area with cutting wind!
The cutting wind hits the death drake!!
The death drake is moderately wounded.
The cutting wind hits the death drake!
The death drake is severely wounded.
The cutting wind hits you!!
You feel sick. You block the death drake's attack. The death drake bites you!
* * * LOW HITPOINT WARNING * * *
The death drake bites you.
* * * LOW HITPOINT WARNING * * *
The death drake bites you!
* * * LOW HITPOINT WARNING * * *
Unknown command.
You feel better. The death drake bites you.
* * * LOW HITPOINT WARNING * * *
The death drake completely misses you. The death drake closely misses you.
The death drake breathes miasma at you. The foul vapour engulfs you!!
You are poisoned.
You die...

++ ... ##|)▓▓▓▓▓▓▓▓▓▓▓ . ..
.#=[▓()...)..▓▓ ##+## #.
.#)○▓...(..)(▓▓ #.#.##.####
+.##†#)|▓..).....▓▓ ..#..# ...#
#...####▓[.[.....▓▓ #.#.####..##
#..##.#▓...[...[▓▓ ##'###.##..#
+.§#..#▓.)(.....▓▓ ##.##.#.#..#
#kk#†.#▓....[).[▓▓
'.<.'.##'..####.@##.#▓........▓▓
##.##..##....###.^.##▓▓▓▓▓▓▓'▓▓▓▓
##'###.##.....§~~~~~~~~~§~~~...≈≈
#.#†####~~....§~#)########'###.≈≈
..#..#~§~~~~~§.~#_._._...#~~~##≈≈
#...##~~~~~§§~.~#._._._._#~~§§###
##+##~~~≈≈≈~§~~~#_._._._.#~~~§§##
~~~~~~~~~≈≈≈≈~~~#._._._._#~~~§§≈#
++#+++#~≈≈≈§≈§≈~#.._._._.#~~~§~§+


You could see 2 death drakes.

Vanquished Creatures
  A kraken (D)
  A crystal guardian (D)
  2 boulder beetles (D)
  A yaktaur (D)
  3 polar bears (D)
  A hornet (D)
  4 neqoxecs (D)
  Menkaure (D)
  4 water moccasins (D)
  A swamp drake (D)
  4 necrophages (D)
  4 scorpions (D)
  A hell rat (D)
  3 tentacles (D)
31 creatures vanquished.

Vanquished Creatures (others)
  A swamp drake (D)
  9 tentacles (D)
10 creatures vanquished.

Grand Total: 41 creatures vanquished

Notes
Turn   | Place    | Note
-------+----------+-------------------------------------------
     0 | D        | rocky1 the Demonspawn Gladiator began the quest for the
                  | Orb.
     0 | D        | Reached XP level 1. HP: 16/16 MP: 1/1
     1 | D        | Noticed a neqoxec
     1 | D        | Noticed a neqoxec
     1 | D        | Noticed a neqoxec
     1 | D        | Noticed a neqoxec
     8 | D        | Gained mutation: You are agile. (Dex +4, Str/Int -1) [a
                  | neqoxec]
     9 | D        | Killed a neqoxec
    10 | D        | Gained mutation: You regenerate a little health from kills.
                  | [demonic ancestry]
    10 | D        | Reached XP level 2. HP: 25/25 MP: 2/2
    10 | D        | Gained mutation: You have a somewhat thin skeletal
                  | structure. (Dex +2, Stealth+) [demonic ancestry]
    10 | D        | Reached XP level 3. HP: 30/30 MP: 3/3
    10 | D        | Gained mutation: You have a small tail. [demonic ancestry]
    10 | D        | Reached XP level 4. HP: 37/37 MP: 4/4
    12 | D        | Killed a neqoxec
    13 | D        | Reached skill level 1 in Armour
    13 | D        | Reached XP level 5. HP: 43/43 MP: 5/5
    13 | D        | Gained mutation: You are frail. (-10% HP) [a neqoxec]
    16 | D        | Killed a neqoxec
    17 | D        | Reached skill level 5 in Fighting
    17 | D        | Gained mutation: You have a moderately thin skeletal
                  | structure. (Dex +4, Stealth++) [demonic ancestry]
    17 | D        | Reached XP level 6. HP: 45/45 MP: 6/6
    24 | D        | Gained mutation: You sometimes lose your temper in combat.
                  | [a neqoxec]
    28 | D        | Killed a neqoxec
    56 | D        | Noticed a water moccasin
    60 | D        | Found an iron altar of Okawaru.
    60 | D        | Found an opulent altar of Gozag.
    61 | D        | Found a sparkling altar of Nemelex Xobeh.
    61 | D        | Found a blossoming altar of Fedhas.
    62 | D        | Found a radiant altar of Vehumet.
    62 | D        | Found a burning altar of Makhleb.
    63 | D        | Found a hide-covered altar of Uskayaw.
    63 | D        | Found a corrupted altar of Lugonu.
    63 | D        | Found a shadowy altar of Dithmenos.
    64 | D        | Found a bloodstained altar of Trog.
    64 | D        | Found an ancient bone altar of Kikubaaqudgha.
    65 | D        | Found a basalt altar of Yredelemnul.
    65 | D        | Found a shimmering blue altar of Sif Muna.
    65 | D        | Found a viscous altar of Jiyva.
    66 | D        | Found a shimmering altar of Xom.
    66 | D        | Found a sacrificial altar of Ru.
    67 | D        | Found an ornate altar of the Wu Jian Council.
    67 | D        | Found a stormy altar of Qazlal.
    69 | D        | Found a snail-covered altar of Cheibriados.
    69 | D        | Found a hazy altar of Hepliaklqana.
    73 | D        | Noticed a water moccasin
    74 | D        | Noticed a water moccasin
    77 | D        | Noticed a flying skull
    77 | D        | Noticed a flying skull
    78 | D        | Noticed a water moccasin
    78 | D        | Became a worshipper of Qazlal Stormbringer
   153 | D        | Killed a water moccasin
   154 | D        | Reached skill level 1 in Invocations
   154 | D        | Reached XP level 7. HP: 50/50 MP: 6/8
   164 | D        | Noticed a flying skull
   173 | D        | Found Opunnuc's General Store.
   175 | D        | Found Nufaipp's Jewellery Shop.
   175 | D        | Found Dung's Weapon Boutique.
   175 | D        | Found Goqa's Antique Weapon Boutique.
   176 | D        | Found Sotill's General Store.
   177 | D        | Found Geulus's Distillery.
   177 | D        | Found Samatoc's Antique Armour Shop.
   178 | D        | Found Saolufa's Jewellery Boutique.
   178 | D        | Found Ciegial's Antique Weapon Boutique.
   179 | D        | Found Yvutit Wugh's Distillery.
   181 | D        | Found Hasealec's Book Shop.
   182 | D        | Noticed Menkaure
   182 | D        | Noticed a yak
   185 | D        | Found Xeujie's Magic Scroll Boutique.
   185 | D        | Found Xyankiti's Antique Armour Shop.
   185 | D        | Noticed a yak
   185 | D        | Noticed a yak
   185 | D        | Noticed an oklob plant
   186 | D        | Found Penulaacvi's Book Boutique.
   186 | D        | Found Wuwykliy's Book Shoppe.
   186 | D        | Noticed a slime creature
   186 | D        | Noticed a slime creature
   186 | D        | Noticed a slime creature
   194 | D        | Killed Menkaure
   195 | D        | Reached skill level 10 in Polearms
   195 | D        | Reached skill level 3 in Invocations
   209 | D        | Bought 2 potions of mutation for 176 gold pieces
   209 | D        | Lost mutation: You are agile. (Dex +4, Str/Int -1) [potion
                  | of mutation]
   209 | D        | Lost mutation: You are frail. (-10% HP) [potion of
                  | mutation]
   209 | D        | Lost mutation: You sometimes lose your temper in combat.
                  | [potion of mutation]
   209 | D        | Gained mutation: You occasionally lose the ability to read
                  | scrolls when taking damage. [potion of mutation]
   210 | D        | Lost mutation: You occasionally lose the ability to read
                  | scrolls when taking damage. [potion of mutation]
   210 | D        | Gained mutation: You are strong-willed. (Will+) [potion of
                  | mutation]
   285 | D        | Noticed a cane toad
   290 | D        | Noticed a cane toad
   297 | D        | Bought a potion of heal wounds for 50 gold pieces
   317 | D        | Reached * piety under Qazlal
   361 | D        | Reached skill level 10 in Dodging
   361 | D        | Reached skill level 4 in Invocations
   367 | D        | Reached ** piety under Qazlal
   385 | D        | Reached skill level 5 in Invocations
   413 | D        | Reached *** piety under Qazlal
   414 | D        | Reached XP level 8. HP: 65/65 MP: 10/12
   435 | D        | Reached skill level 6 in Invocations
   504 | D        | Noticed a boulder beetle
   504 | D        | Noticed a boulder beetle
   524 | D        | Bought a potion of heal wounds for 50 gold pieces
   524 | D        | Bought a potion of invisibility for 80 gold pieces
   524 | D        | Bought a potion of curing for 30 gold pieces
   570 | D        | Noticed a polar bear
   570 | D        | Noticed a polar bear
   570 | D        | Noticed a polar bear
   573 | D        | Killed a polar bear
   577 | D        | Noticed a yaktaur
   578 | D        | Noticed a hornet
   582 | D        | Killed a polar bear
   583 | D        | Reached skill level 7 in Invocations
   583 | D        | Paralysed by a hornet for 1 turns
   584 | D        | Killed a polar bear
   587 | D        | Killed a hornet
   588 | D        | Reached skill level 8 in Invocations
   588 | D        | Reached XP level 9. HP: 36/73 MP: 5/15
   588 | D        | Killed a yaktaur
   589 | D        | Reached skill level 9 in Invocations
   715 | D        | Noticed a kraken
   732 | D        | Reached **** piety under Qazlal
   817 | D        | Killed a kraken
   818 | D        | Reached skill level 11 in Invocations
  1118 | D        | Killed a boulder beetle
  1119 | D        | Reached skill level 13 in Invocations
  1119 | D        | Gained mutation: You have a tail ending in a sharp stinger.
                  | [demonic ancestry]
  1119 | D        | Reached XP level 10. HP: 36/83 MP: 2/19
  1134 | D        | Killed a boulder beetle
  1135 | D        | Reached skill level 5 in Armour
  1135 | D        | Reached skill level 14 in Invocations
  1277 | D        | Bought a scroll of acquirement for 676 gold pieces
  1277 | D        | Acquired 971 gold pieces
  1285 | D        | Bought the amulet of Xom's Whimsicality {rElec Regen+ rCorr
                  | Str+3 Int-4} for 665 gold pieces
  1298 | D        | Bought a potion of curing for 33 gold pieces
  1298 | D        | Bought a potion of might for 44 gold pieces
  1300 | D        | Bought a dazzling helmet for 209 gold pieces
  1300 | D        | Identified the +2 helmet of Wu Jian's Condemnation {Str+3
                  | Dex+4} (You bought it in a shop in the Dungeon)
  1300 | D        | Bought a pair of glowing boots for 165 gold pieces
  1360 | D        | Bought a scroll of identify for 26 gold pieces
  1360 | D        | Bought a scroll of identify for 26 gold pieces
  1406 | D        | Noticed a death drake
  1408 | D        | Noticed a crystal guardian
  1411 | D        | Noticed a death drake
  1423 | D        | Killed a crystal guardian
  1424 | D        | Reached skill level 15 in Invocations
  1426 | D        | HP: 6/124 [poisoned by a death drake (foul vapour)]
  1427 | D        | HP: 1/124 [death drake (4)]
  1433 | D        | Killed from afar by a death drake

Illustrated notes

Levels and vault maps discovered:
D:        the_violet_keep_of_menkaure [sprint2_stairs_cluster_1,
          sprint2_shoproom, sprint2_temple, sprint2_basic_supplies,
          sprint2_obstacle_7, sprint2_obstacle_1, sprint2_obstacle_4,
          sprint2_obstacle_6, sprint2_obstacle_2, sprint2_timed_cluster_1,
          sprint2_smallroom_cluster_1, sprint2_smallroom_final_cluster_1,
          sprint2_transparent_cluster_1, sprint2_second_timed_cluster_1,
          sprint2_sniper_area_1, sprint2_heavy_combat_area_1,
          sprint2_mutation_trap_area_1, sprint2_forest_area_1,
          sprint2_light_combat_area_1, sprint2_behind_water_1,
          sprint2_near_end_vault_1]

Skill      XL: |  1  2  3  4  5  6  7  8  9 10 |
---------------+-------------------------------+-----
Fighting       | 3 4 5 6 7 9 |  9.5
Polearms       | 6 7 8 9 10 12 13 | 13.9
Dodging        | 6 7 8 9 10 11 12 | 12.0
Armour         | 1 2 3 4 5 |  5.2
Invocations    | 1 5 8 13 15 | 15.2
Throwing       | |  1.7
Shields        | |  0.1

Action                     |  1- 3 |  4- 6 |  7- 9 | 10-12 || total
---------------------------+-------+-------+-------+-------++-------
  Melee: Trident           |     6 |    23 |    97 |    24 ||   150
         Tailslap          |       |     4 |     9 |     4 ||    17
         Punch             |       |       |     4 |       ||     4
 Invoke: Upheaval          |       |       |    17 |     6 ||    23
    Use: Potion            |     2 |       |     5 |     4 ||    11
         Scroll            |       |       |       |     9 ||     9
 Armour: Leather armour    |     3 |     6 |    34 |    14 ||    57
  Dodge: Dodged            |     1 |     8 |    68 |    17 ||    94
  Block: Other             |       |       |    10 |     3 ||    13

Table legend: (Time is in decaauts)
 A = Elapsed time spent in this place.
 B = Non-inter-level travel time spent in this place.
 C = Inter-level travel time spent in this place.
 D = Time resting spent in this place.
 E = Time spent auto-exploring this place.
 F = Levels seen in this place.
 G = Mean time per level.
                   A        B        C        D        E       F      G
               +--------+--------+--------+--------+--------+-----+--------+
         Total |   1514 |   1514 |      0 |    579 |      0 |   1 | 1514.0 |
       Dungeon |   1514 |   1514 |      0 |    579 |      0 |   1 | 1514.0 |
               +--------+--------+--------+--------+--------+-----+--------+

Top non-repeatable levels by time:
       D: 1514 daAuts
